 Dungeon Crawl Stone Soup version 0.20-a0-760-g49f5558 (webtiles) character file.

520 polly the Slasher (level 7, 0/91 HPs)
             Began as a Yellow Draconian Berserker on Feb 25, 2017.
             Was a Priest of Trog.
             Slain by badtown's ghost (5 damage)
             ... on level 4 of the Dungeon.
             The game lasted 00:03:53 (3083 turns).

polly the Slasher (Yellow Draconian Berserker)      Turns: 3083, Time: 00:03:53

Health: 0/91       AC:  8    Str: 26    XL:     7   Next: 1%
Magic:  7/7        EV: 13    Int:  7    God:    Trog [***...]
Gold:   276        SH:  0    Dex: 11    Spells: 6/6 levels left

rFire    . . .     SeeInvis .   a - +0 falchion
rCold    . . .     Gourm    .   (armour unavailable)
rNeg     + . .     Faith    .   (no shield)
rPois    .         Spirit   .   (helmet restricted)
rElec    .         Reflect  .   v - +0 cloak
rCorr    +         Harm     .   m - +0 pair of gloves (curse)
MR       .....                  (no boots)
Stlth    ..........             (no amulet)
Regen    0.3/turn               (no ring)
MPRegen  0.1/turn               j - ring of positive energy

@: berserking, liquid flames, glowing, very quick
A: spit acid, acid resistance, unfitting armour, cold-blooded, AC +6
a: Breathe Acid, Berserk, Trog's Hand, Burn Spellbooks, Renounce Religion


You were on level 4 of the Dungeon.
You worshipped Trog.
Trog was most pleased with you.
You were very hungry.

You visited 1 branch of the dungeon, and saw 4 of its levels.

You collected 276 gold pieces.

Inventory:

Hand Weapons
 a - a +0 falchion (weapon)
Armour
 m - a cursed +0 pair of gloves (worn)
 v - a +0 cloak (worn)
Jewellery
 j - a ring of positive energy (left hand)
Scrolls
 c - 2 scrolls of immolation {unknown}
 g - 2 scrolls of identify {unknown}
 h - a scroll of noise {unknown}
 i - 2 scrolls of fear {unknown}
 l - a scroll of random uselessness {unknown}
 n - a scroll of blinking {unknown}
 s - a scroll of enchant weapon {unknown}
 t - a scroll of fog {unknown}
Potions
 d - a potion of might {unknown}
 e - a potion of lignification {unknown}
 f - 3 potions of curing
 k - a potion of heal wounds {unknown}
 o - a potion of cancellation {unknown}
 q - a potion of flight {unknown}
 r - 2 potions of resistance {unknown}
 x - a potion of brilliance {unknown}
Comestibles
 b - 3 bread rations
 p - 2 royal jellies
 u - a meat ration
 w - a chunk of flesh


   Skills:
 + Level 5.1 Fighting
 + Level 6.4 Long Blades
 + Level 3.6 Dodging
 + Level 1.1 Stealth


You had 6 spell levels left.
You didn't know any spells.

Dungeon Overview and Level Annotations

Branches:
Dungeon (4/15)
 Temple: D:4-7

Altars:
Cheibriados
Dithmenos
Yredelemnul

Annotations:
D:4 badtown's ghost, novice OpFE


Innate Abilities, Weirdness & Mutations

You can spit globs of acid.
You are resistant to acid.
Your golden yellow scales are hard. (AC +6)
You cannot fit into any form of body armour.
You are cold-blooded and may be slowed by cold attacks.


Message History

You are too injured to fight recklessly!
You are too injured to fight recklessly!
Okay, then.
A red film seems to cover your vision as you go berserk!
You feel yourself moving faster!
You feel mighty!
You are feeling very hungry.
You are covered in liquid flames!
Badtown's ghost casts a spell at you. The flame tongue hits you!
* * * LOW HITPOINT WARNING * * *
Unknown command.
Unknown command.
You closely miss badtown's ghost.
You are covered in liquid flames!
* * * LOW HITPOINT WARNING * * *
You barely miss badtown's ghost.
You are covered in liquid flames!
* * * LOW HITPOINT WARNING * * *
Badtown's ghost hits you.
You die...

#.....# #.#.. ...
+.....+ .#.#+###...
###.....# #..........
.[......####..........
#####........?........
########..........
#.............
#.............
#.....@.......
#......W......
#...........##
#######.....# .....#
#+##.# ... ..


You could see badtown's ghost.

Vanquished Creatures
  Sigmund (D:2)
  Crazy Yiuf (D:3)
  An orc priest (D:3)
  An orc wizard (D:3)
  A bullfrog skeleton (D:4)
  4 gnolls (D:2)
  9 adders
  6 worms
  2 dart slugs
  3 leopard geckos
  6 orcs (D:3)
  6 giant cockroaches
  9 goblins
  7 hobgoblins
  8 jackals (D:3)
  A quokka (D:2)
  A ball python (D:1)
  A ball python skeleton (D:4)
  7 bats
  6 frilled lizards
  14 kobolds
  5 rats
100 creatures vanquished.

Notes
Turn   | Place    | Note
-------+----------+-------------------------------------------
     0 | D:1      | polly the Draconian Berserker began the quest for the Orb.
     0 | D:1      | Reached XP level 1. HP: 19/19 MP: 1/1
    59 | D:1      | Reached XP level 2. HP: 11/26 MP: 2/2
   648 | D:1      | Reached ** piety under Trog
   834 | D:2      | Found a snail-covered altar of Cheibriados.
   856 | D:2      | Reached XP level 3. HP: 18/33 MP: 3/3
  1103 | D:2      | Reached skill level 4 in Long Blades
  1119 | D:2      | Reached XP level 4. HP: 40/40 MP: 4/4
  1349 | D:2      | Noticed Sigmund
  1364 | D:2      | Killed Sigmund
  1364 | D:2      | Reached skill level 5 in Long Blades
  1364 | D:2      | Reached XP level 5. HP: 47/47 MP: 5/5
  1658 | D:2      | Reached XP level 6. HP: 51/53 MP: 6/6
  1692 | D:2      | Reached skill level 1 in Stealth
  2062 | D:3      | Reached *** piety under Trog
  2070 | D:3      | HP: 3/79 [orc wizard/puff of frost (3)]
  2072 | D:3      | HP: 1/79 [orc wizard/dagger (3)]
  2075 | D:3      | Reached skill level 6 in Long Blades
  2329 | D:3      | Found a basalt altar of Yredelemnul.
  2519 | D:3      | Found a runed door.
  2639 | D:3      | Found a shadowy altar of Dithmenos.
  2763 | D:3      | Noticed Crazy Yiuf
  2772 | D:3      | Killed Crazy Yiuf
  2772 | D:3      | Reached skill level 5 in Fighting
  3072 | D:4      | Noticed badtown's ghost (novice OpFE)
  3072 | D:4      | Your scales start taking on a golden yellow colour.
  3072 | D:4      | Reached XP level 7. HP: 58/61 MP: 7/7
  3083 | D:4      | Slain by badtown's ghost

Vault maps used:
D:1:      dpeg_arrival_radiant
D:2:      kennysheep_slug_shrine, first_bread, uniq_sigmund
D:3:      lemuel_doored_altar, old_standard_altar, uniq_crazy_yiuf_cottage
D:4:      old_standard_altar

Skill      XL: |  1  2  3  4  5  6 |
---------------+-------------------+-----
Dodging        | 3 |  3.6
Long Blades    | 4 5 6 |  6.4
Fighting       | 4 5 |  5.1
Stealth        | 1 |  1.1

Action                   |  1- 3 |  4- 6 |  7- 9 || total
-------------------------+-------+-------+-------++-------
Melee: Falchion          |    81 |   192 |     7 ||   280
       Tailslap          |     6 |    28 |       ||    34
Invok: Berserk           |       |     3 |     1 ||     4
  Use: Potion            |       |     1 |       ||     1
 Stab: Sleeping          |       |     1 |       ||     1
  Eat: Chunk             |       |    10 |       ||    10
Armor: Skin              |    32 |    60 |     1 ||    93
Dodge: Dodged            |    52 |   157 |     2 ||   211
       Rpst.: Falchion   |    17 |    47 |     1 ||    65
